 Dungeon Crawl Stone Soup version 0.27.0-1-g7a089689b8 (webtiles) character file.

Game seed: 18008050304995006586

140 dolemite99 the Chiller (level 5, -1/45 HPs)
             Began as an Ogre Ice Elementalist on Aug 4, 2021.
             Was an Initiate of Sif Muna.
             Slain by a white imp (3 damage)
             ... on level 3 of the Dungeon.
             The game lasted 00:04:31 (3311 turns).

dolemite99 the Chiller (Ogre Ice Elementalist)      Turns: 3311, Time: 00:04:31

Health: -1/45      AC:  3    Str: 18    XL:     5   Next: 22%
Magic:  6/8        EV:  9    Int: 17    God:    Sif Muna [......]
Gold:   61         SH:  0    Dex:  9    Spells: 4/8 levels left

rFire    . . .     SeeInvis .   a - +2 whip (drain)
rCold    . . .     Faith    .   (no shield)
rNeg     . . .     Spirit   .   f - +0 robe
rPois    .         Reflect  .   (helmet restricted)
rElec    .         Harm     .   (no cloak)
rCorr    .         Rampage  .   (gloves unavailable)
Will     .....                  (boots unavailable)
Stlth    +.........             (no amulet)
HPRegen  0.15/turn              p - +6 ring of strength
MPRegen  0.11/turn              (no ring)

@: invisible
A: large, unfitting armour, tough skin 1
a: Renounce Religion


You were on level 3 of the Dungeon.
You worshipped Sif Muna.
Sif Muna was noncommittal.
You visited 1 branch of the dungeon, and saw 3 of its levels.

You collected 61 gold pieces.

Inventory:

Hand Weapons
 a - a +2 whip of draining (weapon)
 c - a +0 short sword
 e - a +0 mace
Missiles
 b - 68 stones
 d - 21 bolts
 k - 14 arrows
 n - 17 sling bullets
 q - 8 boomerangs (quivered)
Armour
 f - a +0 robe (worn)
Jewellery
 p - a +6 ring of strength (left hand)
Wands
 o - a wand of iceblast (13)
Scrolls
 j - a scroll of teleportation
Potions
 g - a potion of heal wounds {unknown}
 h - 2 potions of might
 i - a potion of invisibility
 l - a potion of curing {unknown}
 m - a potion of haste {unknown}
 r - a potion of lignification {unknown}


   Skills:
 - Level 1.7 Dodging
 - Level 1.4 Stealth
 - Level 2.4 Spellcasting
 + Level 5.8 Ice Magic


You had 4 spell levels left.
You knew the following spells:

 Your Spells              Type           Power      Damage    Failure   Level
a - Freeze                Ice            84%        1d10      1%          1
b - Frozen Ramparts       Ice            42%        1d6       4%          3

Your spell library contained the following spells:

 Spells                   Type           Power      Damage    Failure   Level
 Ozocubu's Armour         Ice            21%        N/A       4%          3
 Ensorcelled Hibernation  Hex/Ice        22%        N/A       9%          2
 Corona                   Hex            2%         N/A       19%         1
 Tukima's Dance           Hex            2%         N/A       50%         3
 Hailstorm                Conj/Ice       11%        3d5       50%         4


Dungeon Overview and Level Annotations

Branches:
Dungeon (3/15)

Altars:
Ashenzari
Fedhas
Nemelex Xobeh
Qazlal
Ru
Sif Muna
Trog
Vehumet
Wu Jian
Xom


Innate Abilities, Weirdness & Mutations

You are too large for most types of armour.
You have tough skin. (AC +1)


Message History

The white imp gestures at you. The puff of frost misses you.
You hit the white imp.
The white imp is heavily wounded.
The white imp resists.
The wall freezes the white imp.
The white imp hits you but does no damage.
You hit the white imp but do no damage.
The white imp is heavily wounded.
The white imp completely resists.
The wall freezes the white imp but does no damage.
The white imp gestures at you. The puff of frost hits you!
You hit the white imp but do no damage.
The white imp is heavily wounded.
The white imp resists.
The wall freezes the white imp.
The white imp gestures at you. The puff of frost hits you!
The white imp completely resists.
The wall freezes the white imp but does no damage.
The white imp hits you. The white imp freezes you.
You closely miss the white imp.
The white imp is heavily wounded.
The white imp completely resists.
The wall freezes the white imp but does no damage.
The white imp hits you but does no damage.
You hit the white imp.
The white imp is severely wounded.
The white imp completely resists.
The wall freezes the white imp but does no damage.
The white imp hits you. The white imp freezes you.
* * * LOW HITPOINT WARNING * * *
You closely miss the white imp.
The white imp is severely wounded.
The frozen ramparts melt away.
The white imp gestures at you. The puff of frost hits you!
* * * LOW HITPOINT WARNING * * *
It was a potion of invisibility.
You fade into invisibility!
The white imp hits you.
You die...

#....# ......#
########....# .......
............. .......
##########... .......
##########. .......
#.......... .......
#........#. ......5#####
#.......... #@...#
##......... #.##.#
#.........
#.....).##.####†........
#.......##.............#
#.......################
#.......# #.......#
#.......# #.......#


You could see a white imp.

Vanquished Creatures
  5 adders
  3 worms (D:2)
  2 dart slugs
  3 orcs (D:3)
  4 bats
  5 endoplasms
  4 giant cockroaches
  13 hobgoblins
  8 jackals
  4 quokkas
  4 ball pythons
  A frilled lizard (D:2)
  3 goblins
  6 kobolds
  8 rats
73 creatures vanquished.

Notes
Turn   | Place    | Note
-------+----------+-------------------------------------------
     0 | D:1      | dolemite99 the Ogre Ice Elementalist began the quest for
                  | the Orb.
     0 | D:1      | Reached XP level 1. HP: 16/16 MP: 3/3
   536 | D:1      | Reached skill level 4 in Ice Magic
   536 | D:1      | Reached XP level 2. HP: 23/24 MP: 1/5
   986 | D:1      | Reached XP level 3. HP: 28/31 MP: 4/6
  1579 | D:2      | Reached skill level 5 in Ice Magic
  1579 | D:2      | Reached XP level 4. HP: 34/39 MP: 2/7
  2685 | D:3      | Reached XP level 5. HP: 34/45 MP: 0/8
  2927 | D:3      | Learned a level 3 spell: Frozen Ramparts
  3161 | D:3      | Found a broken altar of Ashenzari.
  3162 | D:3      | Found a bloodstained altar of Trog.
  3164 | D:3      | Found a blossoming altar of Fedhas.
  3167 | D:3      | Found a sacrificial altar of Ru.
  3168 | D:3      | Found a shimmering blue altar of Sif Muna.
  3168 | D:3      | Found an ornate altar of the Wu Jian Council.
  3168 | D:3      | Found a shimmering altar of Xom.
  3169 | D:3      | Found a sparkling altar of Nemelex Xobeh.
  3170 | D:3      | Found a radiant altar of Vehumet.
  3173 | D:3      | Found a stormy altar of Qazlal.
  3207 | D:3      | Became a worshipper of Sif Muna the Loreminder
  3310 | D:3      | HP: 1/45 [white imp/puff of frost (11)]
  3311 | D:3      | Slain by a white imp

Illustrated notes

Levels and vault maps discovered:
D:1:      nicolae_arrival_washed_ashore, layout_rooms
D:2:      layout_basic
D:3:      layout_basic, minitemple

Skill      XL: |  1  2  3 |
---------------+----------+-----
Ice Magic      | 4 5 |  5.8
Dodging        | |  1.7
Stealth        | |  1.4
Spellcasting   | |  2.4

Action                   |  1- 3 |  4- 6 || total
-------------------------+-------+-------++-------
Melee: Mace              |    20 |       ||    20
       Whip              |     6 |    23 ||    29
Throw: Boomerang         |       |     6 ||     6
 Cast: Freeze            |    47 |    54 ||   101
       Frozen Ramparts   |       |     1 ||     1
  Use: Scroll            |       |     3 ||     3
       Potion            |       |     1 ||     1
Armor: Robe              |    18 |    22 ||    40
Dodge: Dodged            |    44 |    29 ||    73
